 Dungeon Crawl Stone Soup version 0.22.0-25-g7663229 (webtiles) character file.

35 corax the Grave Robber (level 3, -14/24 HPs)
             Began as a Mummy Necromancer on Aug 20, 2018.
             Killed from afar by Sigmund (19 damage)
             ... with a puff of flame
             ... on level 2 of the Dungeon.
             The game lasted 00:06:02 (1565 turns).

corax the Grave Robber (Mummy Necromancer)          Turns: 1565, Time: 00:06:04

Health: -14/24     AC:  8    Str: 11    XL:     3   Next: 17%
Magic:  4/7        EV: 12    Int: 15    God:
Gold:   135        SH:  0    Dex: 12    Spells: 6/8 levels left

rFire    x . .     SeeInvis .   (no weapon)
rCold    + . .     Gourm    .   (no shield)
rNeg     + + +     Faith    .   d - +0 leather armour (curse)
rPois    ∞         Spirit   .   (no helmet)
rElec    .         Reflect  .   (no cloak)
rCorr    .         Harm     .   (no gloves)
MR       .....                  (no boots)
Stlth    ++........             (no amulet)
HPRegen  0.08/turn              c - +5 ring of protection
MPRegen  0.10/turn              (no ring)

@: no status effects
A: no food or potions, fire vulnerability, cold resistance 1, negative energy
resistance 3, torment resistance, unbreathing
a: no special abilities


You were on level 2 of the Dungeon.
You were not hungry.

You visited 1 branch of the dungeon, and saw 2 of its levels.

You collected 135 gold pieces.

Inventory:

Armour
 d - a cursed +0 leather armour (worn)
Jewellery
 c - a +5 ring of protection (left hand)
Scrolls
 a - 2 scrolls of remove curse {unknown}
 b - 2 scrolls of random uselessness {unknown}
 e - 2 scrolls of amnesia {unknown}
 f - a scroll of identify {unknown}
 g - a scroll of blinking {unknown}


   Skills:
 + Level 2.0 Dodging
 + Level 2.1 Stealth
 + Level 3.3 Spellcasting
 + Level 4.2 Necromancy


You had 6 spell levels left.
You knew the following spells:

 Your Spells              Type           Power        Failure   Level  Hunger
a - Pain                  Necr           ###.         4%          1    N/A
b - Animate Skeleton      Necr           N/A          4%          1    N/A

Your spell library contained the following spells:

 Spells                   Type           Power        Failure   Level  Hunger
 Vampiric Draining        Necr           ###.......   13%         3    N/A
 Animate Dead             Necr           N/A          41%         4    N/A
 Regeneration             Chrm/Necr      Unusable     N/A         3    N/A

Dungeon Overview and Level Annotations

Branches:
Dungeon (2/15)

Altars:
Okawaru

Annotations:
D:2 Sigmund


Innate Abilities, Weirdness & Mutations

You do not eat or drink.
Your flesh is vulnerable to fire.
You are immune to poison.
Your flesh is cold resistant. (rC+)
You are immune to negative energy. (rN+++)
You are immune to unholy pain and torment.
You can survive without breathing.


Message History

The stone hits you but does no damage.
Casting: Pain (safe; 4% risk of failure)
Confirm with . or Enter, or press ? or * to list all spells.
Aiming: Pain (safe; 4% risk of failure)
Press: ? - help, Shift-Dir - straight line, f/p - kobold
Aim: a kobold (chance to defeat MR: 85%)
The kobold writhes in agony!
Casting: Pain (safe; 4% risk of failure)
Confirm with . or Enter, or press ? or * to list all spells.
Aiming: Pain (safe; 4% risk of failure)
Press: ? - help, Shift-Dir - straight line, f/p - kobold
Aim: a kobold (moderately wounded, chance to defeat MR: 85%)
The kobold writhes in agony!
You kill the kobold!
A hobgoblin comes into view.
The hobgoblin shouts!
A puff of flame appears from out of thin air!
The puff of flame hits you! The fire burns you terribly!
Ouch! That really hurt!
You die...

##....####%..##..#.#..........
#.#..#.#####....<......####.....
#(..(...(.......%......####..%.Z
###..###.#####.((..###........Z.
##. #.### #...#.# #####.....# #
#...###.....# #........
###.##.Z.##.......######.
#....#.##.##.## ## #..##.@...# .
#.........#.# ....#...###.#.#
#....#..## .# ..#.....# .. . #
.#.## ... .#. .... .... #


You could see a friendly quokka skeleton.

Vanquished Creatures
  2 leopard geckos
  2 giant cockroaches
  6 hobgoblins (D:1)
  5 kobolds
  A quokka (D:2)
  A ball python (D:1)
  6 bats
  4 frilled lizards
  A goblin (D:2)
  5 rats
33 creatures vanquished.

Vanquished Creatures (collateral kills)
  A rat (D:1)
1 creature vanquished.

Grand Total: 34 creatures vanquished

Notes
Turn   | Place    | Note
-------+----------+-------------------------------------------
     0 | D:1      | corax the Mummy Necromancer began the quest for the Orb.
     0 | D:1      | Reached XP level 1. HP: 13/13 MP: 4/4
    79 | D:1      | Learned a level 1 spell: Animate Skeleton
   286 | D:1      | Reached XP level 2. HP: 19/19 MP: 4/6
  1339 | D:2      | Found an iron altar of Okawaru.
  1348 | D:2      | Reached XP level 3. HP: 24/24 MP: 4/7
  1532 | D:2      | Noticed Sigmund
  1565 | D:2      | Killed from afar by Sigmund

Skill      XL: |  1  2 |
---------------+-------+-----
Spellcasting   | 3 |  3.3
Stealth        | 2 |  2.1
Dodging        | 2 |  2.0
Necromancy     | |  4.2

Action                   || total
-------------------------++-------
 Cast: Pain              ||    56
       Animate Skeleton  ||    19
Armor: Robe              ||     1
       Leather armour    ||    10
Dodge: Dodged            ||    15
